 Dungeon Crawl Stone Soup version 0.28.0-45-g0d030f2227 (webtiles) character file.

Game seed: 13306930750441986901

337 ZappyNine the Sneak (level 6, -8/38 HPs)
             Began as a Kobold Brigand on Apr 22, 2022.
             Mangled by Pikel
             ... wielding a +2 whip of electrocution
              (16 damage)
             ... on level 4 of the Dungeon.
             The game lasted 00:03:53 (3733 turns).

ZappyNine the Sneak (Kobold Brigand)                Turns: 3733, Time: 00:03:53

Health: -8/38      AC:  5    Str:  9    XL:     6   Next: 85%
Magic:  6/6        EV: 16    Int: 12    God:
Gold:   118        SH:  0    Dex: 18    Spells: 5/5 levels left

rFire   . . .      SeeInvis .   h - +0 dagger (elec)
rCold   . . .      Faith    .   (no shield)
rNeg    . . .      Spirit   .   b - +0 robe
rPois   .          Reflect  .   k - +0 helmet
rElec   .          Harm     .   c - +0 cloak
rCorr   .          Rampage  .   (no gloves)
Will    .....                   t - +0 pair of boots
Stlth   +++++.....              (no amulet)
HPRegen 0.12/turn               (no ring)
MPRegen 0.10/turn               (no ring)

@: no status effects
A: small, no large weapons, nightstalker 3
a: no special abilities


You were on level 4 of the Dungeon.
You visited 1 branch of the dungeon, and saw 4 of its levels.

You collected 118 gold pieces.

Inventory:

Hand Weapons
 a - a +2 dagger
 h - a +0 dagger of electrocution (weapon)
Missiles
 d - 15 poisoned darts
 e - 2 curare-tipped darts (quivered)
 w - 5 atropa-tipped darts
Armour
 b - a +0 robe (worn)
 c - a +0 cloak (worn)
 k - a +0 helmet (worn)
 t - a +0 pair of boots (worn)
Scrolls
 f - 3 scrolls of identify {unknown}
 g - a scroll of fear {unknown}
 j - a scroll of amnesia {unknown}
 l - a scroll of holy word {unknown}
 n - 2 scrolls of fog {unknown}
 s - 3 scrolls of blinking {unknown}
 u - a scroll of immolation {unknown}
 v - a scroll of silence {unknown}
Potions
 i - a potion of cancellation {unknown}
 m - a potion of heal wounds
 o - 2 potions of brilliance {unknown}
 p - a potion of magic {unknown}
 q - a potion of attraction {unknown}
 r - a potion of berserk rage {unknown}


   Skills:
 + Level 3.7 Fighting
 + Level 4.5 Short Blades
 + Level 3.8 Throwing
 + Level 3.5 Dodging
 + Level 6.7 Stealth


You had 5 spell levels left.
You didn't know any spells.
Your spell library contained the following spells:

 Spells                   Type           Power      Damage    Failure   Level
 Animate Skeleton         Necr           0%         N/A       32%         1
 Freeze                   Ice            0%         1d3       32%         1
 Magic Dart               Conj           0%         1d3       32%         1
 Pain                     Necr           0%         1d4       32%         1
 Summon Small Mammal      Summ           0%         N/A       32%         1
 Call Imp                 Summ           0%         N/A       45%         2
 Call Canine Familiar     Summ           0%         N/A       69%         3
 Frozen Ramparts          Ice            0%         1d2       69%         3
 Mephitic Cloud           Conj/Pois/Air  0%         N/A       69%         3
 Summon Guardian Golem    Hex/Summ       0%         N/A       69%         3
 Vampiric Draining        Necr           0%         2d6       69%         3
 Hailstorm                Conj/Ice       0%         3d3       97%         4


Dungeon Overview and Level Annotations

Branches:
Dungeon (4/15)
 Temple: D:4-7

Altars:

Annotations:
D:4 Pikel


Innate Abilities, Weirdness & Mutations

You are small and have problems with some larger weapons.
You are completely attuned to the shadows.


Message History

You hit Pikel but do no damage. Lightning courses through Pikel!
Pikel is heavily wounded.
You hit Pikel but do no damage. Lightning courses through Pikel!
Pikel is almost dead.
The lemure completely misses you. The lemure misses you.
Pikel hits you with a +2 whip of electrocution.
You are electrocuted!
You hit Pikel but do no damage.
Pikel is almost dead.
The lemure closely misses you.
You miss Pikel.
Pikel is almost dead.
The lemure closely misses you.
Pikel says, "You'll feel the lick of my whip!"
Pikel closely misses you. The lemure closely misses you.
The lemure barely misses you.
You hit Pikel but do no damage.
Pikel is almost dead.
The lemure hits you.
Pikel drinks a potion.
Pikel is healed!
The lemure hits you. The lemure barely misses you.
You are too injured to fight recklessly!
You are too injured to fight recklessly!
You are too injured to fight recklessly!
You are too injured to fight recklessly!
You are too injured to fight recklessly!
You are too injured to fight recklessly!
You are too injured to fight recklessly!
You are too injured to fight recklessly!
You are too injured to fight recklessly!
You are too injured to fight recklessly!
You are too injured to fight recklessly!
You are too injured to fight recklessly!
Unknown command.
You hit Pikel but do no damage.
Pikel is moderately wounded.
The lemure closely misses you.
Pikel hits you with a +2 whip of electrocution.
* * * LOW HITPOINT WARNING * * *
You are electrocuted!
You die...

####### ####.....#
.......#.###### #
..............####
#.###..............
#.###.....####.####
#h#..........(.....
###5#.##########.##..
...K@...# ####.##..
##.55##... .....####
....5. ..# ####.# #
....... .# #.####
........ #.....
#.#### ##.# #..# #.##


You could see Pikel, a black bear and 4 lemures.

Vanquished Creatures
  An ogre (D:4)
  A bullfrog zombie (D:4)
  A gnoll shaman (D:4)
  Terence (D:2)
  4 adders
  5 gnolls
  An adder skeleton (D:4)
  A worm (D:4)
  3 dart slugs
  4 ball pythons
  5 endoplasms
  6 giant cockroaches
  3 goblins
  9 hobgoblins
  8 jackals (D:2)
  5 quokkas
  4 bats
  3 frilled lizards
  9 kobolds
  A rat (D:3)
75 creatures vanquished.

Notes
Turn   | Place    | Note
-------+----------+-------------------------------------------
     0 | D:1      | ZappyNine the Kobold Brigand began the quest for the Orb.
     0 | D:1      | Reached XP level 1. HP: 12/12 MP: 1/1
    98 | D:1      | Reached XP level 2. HP: 18/18 MP: 2/2
   425 | D:1      | Reached XP level 3. HP: 22/22 MP: 3/3
  1194 | D:2      | Reached XP level 4. HP: 27/27 MP: 4/4
  1669 | D:2      | Noticed Terence
  1673 | D:2      | Killed Terence
  1703 | D:2      | Reached skill level 6 in Stealth
  1763 | D:2      | Reached XP level 5. HP: 32/32 MP: 5/5
  2879 | D:4      | Noticed an ogre
  2883 | D:4      | Killed an ogre
  2884 | D:4      | Reached XP level 6. HP: 37/37 MP: 6/6
  3726 | D:4      | Noticed Pikel
  3727 | D:4      | Noticed a black bear
  3733 | D:4      | Mangled by Pikel

Illustrated notes

Levels and vault maps discovered:
D:1:      dpeg_arrival_windows_large_door, layout_basic,
          chequers_decorated_corner
D:2:      layout_basic, uniq_terence
D:3:      layout_loops_ring
D:4:      layout_loops_ring, minmay_misc_feat_doors, hangedman_decor_points,
          uniq_pikel

Skill      XL: |  1  2  3  4  5 |
---------------+----------------+-----
Short Blades   | 3 4 |  4.5
Dodging        | 2 3 |  3.5
Throwing       | 3 |  3.8
Fighting       | 3 |  3.7
Stealth        | 6 |  6.7

Action                   |  1- 3 |  4- 6 || total
-------------------------+-------+-------++-------
Melee: Dagger            |    70 |    88 ||   158
       Punch             |       |     2 ||     2
Throw: Dart              |       |     3 ||     3
 Stab: Sleeping          |    17 |    25 ||    42
       Distracted        |     1 |       ||     1
Armor: Robe              |     6 |     9 ||    15
Dodge: Dodged            |    42 |    52 ||    94
